Map: Beckett Industries LE

Players

Pumba

  • Race: Zerg Zerg
  • League: Master
  • Spawn Location: 1:00

PhyNix - Winner!

  • Race: Terran Terran
  • League: Master
  • Spawn Location: 7:00

VOD

Have the link to the VOD?

Description

Time

  • Played on: Sept. 21, 2021, 9:43 p.m.
  • Length: 23:37
Show
View Real Time Build Order
Export as new Build Order

Pumba Zerg 

Build Orders: Pool First 

Get SALT Encoding   

  12  0:01  Drone  
  13  0:13  Overlord  
  13  0:18  Drone  
  14  0:31  Drone x2  
  16  0:42  Spawning Pool  
  15  0:45  Drone  
  16  0:52  Drone  
  17  1:11  Hatchery  
  16  1:14  Drone  
  16  1:16  Extractor  
  16  1:29  Zergling x4  
  16  1:30  Queen  
  20  1:34  Drone  
  21  1:47  Overlord  
  21  1:59  Drone  
  22  2:12  Queen  
  22  2:14  Drone x2  
  26  2:25  Hatchery  
  24  2:35  Drone  
  25  2:37  Overlord  
  25  2:42  Drone x2  
  26  2:49  Drone x2  
  28  2:55  Queen  
  30  3:00  Metabolic Boost  
  30  3:05  Zergling x2  
  31  3:10  Drone x2  
  31  3:12  Overlord  
  33  3:15  Drone  
  34  3:23  Drone x2  
  34  3:26  Drone x2  
  38  3:40  Drone x6  
  44  3:43  Queen  
  46  3:52  Overlord  
  46  3:53  Overlord  
  46  4:00  Drone x4  
  46  4:02  Extractor  
  49  4:06  Drone  
  50  4:10  Queen  
  50  4:13  Overlord  
  50  4:15  Overlord  
  52  4:18  Drone x2  
  52  4:19  Queen  
  56  4:25  Lair  
  56  4:29  Zergling x8  
  56  4:31  Drone x2  
  62  4:42  Overlord  
  62  4:44  Drone x6  
  68  4:50  Baneling Nest  
  68  4:52  Drone  
  69  4:53  Roach Warren  
  69  4:59  Zergling x10  
  72  5:08  Spore Crawler  
  72  5:10  Spore Crawler  
  72  5:11  Spore Crawler, Drone  
  72  5:12  Drone  
  72  5:13  Drone  
  72  5:14  Drone x3  
  75  5:24  Queen  
  75  5:26  Overseer  
  77  5:30  Drone, Evolution Chamber  
  77  5:31  Drone, Evolution Chamber  
  77  5:34  Extractor  
  77  5:35  Drone x5, Extractor  
  81  5:36  Extractor  
  81  5:37  Extractor  
  78  5:51  Roach x5  
  86  6:01  Roach x3  
  87  6:09  Roach  
  85  6:22  Overlord x2  
  85  6:23  Overlord x2  
  84  6:31  Hatchery  
  74  6:37  Roach x5  
  80  6:41  Roach x2  
  80  6:51  Zerg Ground Armor Level 1, Zerg Missile Weapons Level 1  
  79  7:04  Roach x4, Hatchery  
  86  7:13  Roach x5  
  86  7:14  Queen  
  98  7:19  Queen  
  98  7:21  Ravager  
  101  7:22  Ravager  
  101  7:23  Ravager x2  
  104  7:33  Roach x4  
  110  7:45  Queen  
  110  7:47  Spore Crawler  
  110  7:48  Spore Crawler  
  110  7:50  Queen  
  100  8:01  Drone x2  
  100  8:03  Spore Crawler  
  101  8:10  Spore Crawler  
  101  8:11  Drone x7  
  110  8:20  Drone x4  
  110  8:26  Drone  
  87  8:44  Drone x5  
  87  8:45  Drone  
  87  8:47  Drone x3  
  94  8:51  Queen  
  87  8:56  Zerg Missile Weapons Level 2  
  87  8:57  Spire, Zerg Ground Armor Level 2  
  87  9:00  Queen  
  87  9:01  Queen  
  82  9:03  Zergling x2  
  82  9:05  Zergling x2  
  82  9:17  Spore Crawler  
  82  9:18  Spore Crawler  
  82  9:21  Spire  
  79  9:24  Spore Crawler x2  
  79  9:28  Roach x8  
  90  9:37  Extractor  
  86  9:40  Drone x2, Extractor  
  86  9:41  Drone x2  
  86  9:42  Drone  
  84  9:49  Spore Crawler  
  84  9:50  Roach x4  
  86  9:59  Spore Crawler, Drone  
  84  10:01  Queen  
  84  10:04  Spore Crawler  
  84  10:07  Spore Crawler  
  82  10:11  Spire  
  65  10:21  Spore Crawler  
  65  10:22  Drone  
  65  10:23  Spore Crawler x2  
  65  10:25  Drone x14  
  67  10:37  Drone x7  
  71  10:50  Zergling x2  
  71  10:54  Drone  
  71  10:55  Drone x3  
  76  11:01  Extractor  
  76  11:02  Queen  
  76  11:03  Queen  
  79  11:05  Spore Crawler  
  78  11:14  Roach x3  
  78  11:15  Roach x7  
  98  11:23  Drone  
  98  11:25  Drone x3  
  102  11:26  Drone x2  
  102  11:27  Drone  
  102  11:28  Drone  
  102  11:29  Drone x3  
  108  11:32  Infestation Pit  
  108  11:34  Overlord x2  
  108  11:35  Overseer  
  107  11:41  Overlord  
  107  11:42  Overlord  
  107  11:43  Overlord x3  
  107  11:46  Drone x3  
  110  12:02  Overlord  
  110  12:04  Corruptor x5  
  120  12:10  Drone  
  120  12:14  Corruptor x3  
  127  12:20  Corruptor x2  
  131  12:24  Hive  
  131  12:31  Hatchery  
  130  12:41  Roach x5  
  130  12:42  Roach x2  
  142  13:06  Hatchery  
  142  13:08  Overlord x4  
  142  13:09  Overlord x2  
  141  13:12  Zerg Melee Weapons Level 1  
  141  13:13  Baneling Nest  
  141  13:15  Roach x6  
  141  13:17  Ravager  
  153  13:22  Overlord x2  
  153  13:26  Queen  
  155  13:38  Extractor  
  154  13:42  Roach x7, Extractor  
  167  13:57  Centrifugal Hooks, Zerg Missile Weapons Level 3  
  167  13:59  Zergling x10  
  172  14:08  Drone  
  172  14:09  Drone x4  
  177  14:11  Zergling x6  
  180  14:20  Hatchery  
  180  14:23  Ravager x5  
  184  14:25  Ravager x3  
  184  14:26  Glial Reconstitution  
  187  14:32  Baneling x8  
  187  14:33  Baneling x3  
  181  14:40  Corruptor  
  183  14:59  Ravager x2  
  185  15:00  Corruptor x3  
  176  15:36  Zergling x16  
  176  15:37  Zergling x12  
  176  15:39  Roach x5  
  156  15:56  Baneling  
  156  15:57  Baneling x7  
  146  16:01  Infestation Pit  
  146  16:02  Roach Warren  
  146  16:03  Swarm Host x12  
  168  16:25  Swarm Host x5  
  173  16:35  Hatchery  
  166  16:45  Swarm Host  
  166  16:46  Swarm Host x6  
  175  16:51  Swarm Host x2  
  180  17:03  Swarm Host x3  
  177  17:22  Swarm Host  
  154  17:47  Swarm Host  
  154  17:51  Hatchery  
  144  19:16  Swarm Host x3  
  147  19:18  Infestation Pit  
  147  19:22  Spire  
  132  19:52  Hatchery  
  121  20:00  Swarm Host x3  
  108  20:47  Hatchery  
  98  21:37  Corruptor x3  
  103  21:52  Corruptor  
  75  22:16  Hatchery  
  74  22:25  Spawning Pool  
  73  22:41  Corruptor  
  75  22:45  Extractor  
  75  22:46  Extractor  
  70  23:22  Extractor x2  
Show
View Real Time Build Order
Export as new Build Order

PhyNix Terran - Winner!

Build Orders: Gas First Reaper Expand, Hellion Banshee, Mech 

Get SALT Encoding   

  12  0:00  SCV  
  13  0:12  SCV  
  14  0:17  Supply Depot  
  14  0:24  SCV  
  14  0:27  Refinery  
  15  0:39  SCV  
  16  0:44  Barracks  
  16  0:51  SCV  
  17  1:03  SCV  
  18  1:15  SCV  
  19  1:31  Orbital Command  
  19  1:32  Reaper  
  20  1:46  Command Center  
  20  1:57  SCV  
  20  2:00  Factory  
  21  2:04  Barracks Reactor  
  21  2:11  SCV  
  21  2:13  Supply Depot  
  22  2:23  SCV  
  22  2:39  SCV  
  22  2:42  Marine x2  
  22  2:43  Refinery  
  25  2:48  Starport  
  25  2:51  Factory Tech Lab  
  25  2:56  SCV  
  26  3:00  Marine x2  
  28  3:09  SCV  
  29  3:17  Orbital Command  
  29  3:18  Marine x2  
  30  3:29  SCV  
  30  3:31  Banshee  
  34  3:34  Supply Depot  
  34  3:36  Marine  
  34  3:37  Marine  
  34  3:40  Cloaking Field  
  36  3:41  SCV  
  36  3:46  SCV  
  38  3:54  SCV  
  39  3:58  SCV  
  39  3:59  Supply Depot  
  39  4:01  Hellion x2  
  44  4:06  SCV  
  45  4:10  SCV, Marine  
  47  4:18  SCV  
  47  4:19  Banshee  
  47  4:22  Supply Depot, SCV  
  52  4:29  Hellion x2, Marine  
  52  4:30  SCV  
  58  4:34  SCV  
  58  4:35  Armory  
  59  4:42  SCV  
  59  4:45  Supply Depot  
  60  4:46  SCV  
  60  4:51  Hellion x2  
  65  5:03  SCV x2  
  65  5:04  Medivac  
  69  5:09  Supply Depot  
  69  5:12  Hellion x2  
  73  5:16  SCV x2, Fusion Core  
  75  5:24  Marine  
  76  5:34  Hellion x2  
  76  5:35  Supply Depot  
  80  5:37  Refinery  
  80  5:39  Refinery  
  80  5:55  Hellion x2  
  77  6:09  Factory  
  77  6:10  Factory  
  77  6:17  Hellion x2  
  81  6:27  Battlecruiser  
  84  6:33  Hellion x2  
  84  6:36  Hellion x6  
  84  6:38  Hellion x2  
  77  6:52  SCV x2  
  79  7:04  SCV x2, Command Center  
  79  7:07  Engineering Bay  
  79  7:08  Factory Tech Lab  
  81  7:09  Factory Tech Lab  
  81  7:12  Hellion  
  81  7:13  Weapon Refit  
  83  7:16  SCV x2  
  83  7:35  Battlecruiser  
  70  7:49  SCV x2  
  70  7:50  Hellion x2, Siege Tank x2  
  70  8:01  SCV x2  
  76  8:13  Hellion x2  
  76  8:15  SCV x2  
  76  8:17  Orbital Command  
  58  8:34  Hellion x2  
  51  8:42  Battlecruiser  
  51  8:48  Siege Tank x2  
  63  8:52  Orbital Command  
  63  9:04  Hellion  
  65  9:14  Supply Depot  
  65  9:17  Supply Depot  
  65  9:23  Hellion  
  65  9:24  SCV x2  
  69  9:36  SCV x3, Hellion  
  74  9:46  Battlecruiser  
  74  9:48  SCV x3  
  83  9:59  Siege Tank  
  80  10:00  SCV x3  
  80  10:03  Hellion  
  85  10:08  Supply Depot  
  85  10:12  Supply Depot  
  85  10:15  Supply Depot  
  85  10:20  Supply Depot  
  84  10:24  Supply Depot  
  84  10:26  Missile Turret  
  84  10:27  Missile Turret  
  84  10:28  Terran Vehicle And Ship Armor Level 1  
  84  10:30  Hellion  
  86  10:35  Thor  
  86  10:36  Orbital Command  
  92  10:45  SCV x2  
  94  10:53  Missile Turret  
  94  10:57  SCV x2  
  96  11:09  SCV x3  
  96  11:10  Supply Depot  
  99  11:13  Missile Turret  
  99  11:16  Supply Depot  
  99  11:34  Missile Turret  
  99  11:41  Refinery, Missile Turret  
  99  11:46  Refinery  
  99  11:50  Thor x2  
  99  11:52  SCV  
  99  11:53  SCV  
  113  12:01  SCV  
  113  12:02  Supply Depot  
  113  12:03  Infernal Pre-Igniter  
  113  12:05  SCV x2  
  116  12:15  Hellion x2  
  120  12:19  Factory  
  120  12:21  Factory  
  120  12:26  Supply Depot  
  120  12:27  Sensor Tower  
  120  12:36  Siege Tank x2  
  126  12:45  Hellion x2  
  130  12:55  SCV x3  
  133  12:58  Supply Depot  
  133  13:06  Factory Tech Lab x2, Terran Vehicle And Ship Armor Level 2  
  133  13:08  Siege Tank x2  
  139  13:20  Hellion x4  
  139  13:23  Supply Depot, Command Center  
  139  13:29  Siege Tank x2  
  143  14:00  Siege Tank  
  143  14:01  Siege Tank  
  149  14:11  SCV  
  149  14:12  SCV x2  
  149  14:13  Siege Tank  
  149  14:14  Supply Depot x2, Hellion x2, Siege Tank  
  162  14:24  Supply Depot, SCV x2  
  163  14:27  Supply Depot  
  164  14:34  Thor  
  170  15:01  Orbital Command  
  170  15:07  Supply Depot  
  170  15:12  Siege Tank x2  
  170  15:22  Terran Vehicle Weapons Level 1  
  170  15:34  Thor x2  
  170  15:35  Hellion x2  
  167  15:45  Missile Turret  
  167  15:48  Thor x2  
  163  16:04  Hellion x2  
  161  16:08  Orbital Command  
  155  16:11  Refinery  
  155  16:17  Siege Tank x2  
  161  16:26  Refinery  
  161  16:28  Sensor Tower  
  161  16:31  Thor  
  163  16:47  Thor  
  163  16:48  Hellion x2  
  163  16:56  SCV x2  
  163  16:57  Supply Depot, SCV  
  163  17:02  Thor  
  163  17:16  Terran Vehicle Weapons Level 2  
  154  17:33  Orbital Command x2  
  154  17:39  Command Center  
  151  17:47  Thor  
  157  17:55  Missile Turret  
  154  18:01  Hellion  
  154  18:02  Hellion  
  152  18:17  Missile Turret, Siege Tank  
  152  18:18  Siege Tank  
  158  18:26  Hellion x2  
  162  18:39  Thor x2  
  170  18:54  Battlecruiser  
  161  18:56  Hellion  
  161  18:57  Hellion  
  160  19:06  Orbital Command  
  159  19:31  Thor x2  
  159  19:32  Hellion x2  
  168  19:46  Hellion  
  149  19:53  Hellion  
  149  19:56  Supply Depot  
  149  19:57  Supply Depot  
  137  20:11  Battlecruiser  
  140  20:28  Hellion x2  
  140  20:34  Orbital Command  
  125  21:34  Battlecruiser  
  131  21:40  SCV x3  
  134  21:52  Hellion  
  134  21:53  Hellion  
  138  22:05  Orbital Command  
  129  22:16  Hellion  
  129  22:17  Hellion  
  128  22:30  Refinery  
  128  22:32  Refinery  
  128  22:35  Missile Turret  
  128  22:40  Supply Depot  
  128  22:44  Supply Depot x2  
Tags
 
Add a new tag
Caveats
  • Supply blocks, unpowered buildings, or Contaminate may cause inaccurate times.
  • Supply counts are checked every 10 seconds.